 Dungeon Crawl Stone Soup version 0.29.0-11-gd7f09526c8 (webtiles) character file.

Game seed: 1958967423469758360

28 Arum the Shield-Bearer (level 3, -6/23 (30) HPs)
             Began as a Formicid Fighter on Sept 4, 2022.
             Mangled by Sigmund
             ... wielding a +1 scythe of freezing
              (8 damage)
             ... on level 2 of the Dungeon.
             The game lasted 00:02:07 (1169 turns).

Arum the Shield-Bearer (Formicid Fighter)           Turns: 1169, Time: 00:02:08

HP:   -6/23 (30)    AC: 11    Str: 22    XL:     3   Next: 27%
MP:   3/3           EV:  9    Int:  7    God:
Gold: 76            SH:  0    Dex: 13    Spells: 2/2 levels left

rFire   . . .      SeeInvis +   f - +0 whip
rCold   . . .      Faith    .   c - +0 buckler
rNeg    . . .      Spirit   .   b - +0 scale mail
rPois   .          Reflect  .   (helmet unavailable)
rElec   .          Harm     .   (no cloak)
rCorr   .          Rampage  .   (no gloves)
Will    .....                   (no boots)
Stlth   ..........              (no amulet)
HPRegen 0.07/turn               g - +4 ring of protection
MPRegen 0.08/turn               (no ring)

@: confused, heavily drained
A: permanent stasis, dig shafts and tunnels, antennae 3, four strong arms
a: Dig, Shaft Self


You were on level 2 of the Dungeon.
You visited 1 branch of the dungeon, and saw 2 of its levels.

You collected 76 gold pieces.

Inventory:

Hand Weapons
 a - a +0 flail
 f - a +0 whip (weapon)
Armour
 b - a +0 scale mail (worn)
 c - a +0 buckler (worn)
Jewellery
 g - a +4 ring of protection (left hand)
Scrolls
 e - a scroll of enchant weapon {unknown}
 h - a scroll of immolation {unknown}
 j - 2 scrolls of identify {unknown}
Potions
 d - a potion of might
 i - a potion of heal wounds {unknown}
 k - a potion of berserk rage {unknown}


   Skills:
 + Level 3.7 Fighting
 + Level 2.5 Maces & Flails
 + Level 3.7 Armour
 - Level 4.0 Shields


You had 2 spell levels left.
You didn't know any spells.
Your spell library contained the following spells:

 Spells                   Type           Power      Damage    Failure   Level
 Necrotise                Necr           0%         1d4       82%         1
 Sublimation of Blood     Necr           0%         N/A       91%         2
 Vampiric Draining        Necr           0%         2d6       99%         3
 Anguish                  Hex/Necr       0%         N/A       100%        4


Dungeon Overview and Level Annotations

Branches:
Dungeon (2/15)

Altars:
Kikubaaqudgha

Annotations:
D:2 Sigmund


Innate Abilities, Weirdness & Mutations

You cannot be hasted, slowed, berserked, paralysed or teleported.
You can dig through walls and to a lower floor.
You have a pair of large antennae on your head. (SInv)
Your four strong arms can wield two-handed weapons with a shield.


Message History

You hit Sigmund.
Sigmund is lightly wounded.
Sigmund drinks a potion.
Sigmund seems to grow stronger.
You hit Sigmund.
Sigmund is lightly wounded.
Sigmund points at you and mumbles some strange words.
You are confused.
Sigmund hits you with a +1 scythe of freezing!
Ouch! That really hurt!
* * * LOW HITPOINT WARNING * * *
Sigmund freezes you.
* * * LOW HITPOINT WARNING * * *
Unknown command.
Unknown command.
Unknown command.
Unknown command.
Unknown command.
Unknown command.
Unknown command.
Unknown command.
Unknown command.
Unknown command.
Unknown command.
Unknown command.
Unknown command.
Unknown command.
Unknown command.
You are too injured to fight recklessly!
You bump into the rock wall.
You hit Sigmund.
Sigmund is moderately wounded.
Sigmund closely misses you.
You bump into the rock wall.
Sigmund gestures wildly while chanting.
Sigmund flickers and vanishes for a moment.
You're too confused to move!
Sigmund hits you but does no damage.
You bump into the rock wall.
You bump into the rock wall.
Sigmund hits you with a +1 scythe of freezing!
You die...

{ . .$ .. ##.# .#
####...#
....########.....#
#.......@..###.#
#####...#.####.##.
#@#.#.##..)......
##@##.##).†......
####.###........
###.# #........
###...# #........
#...### #........
##.###.###
#........ #.....<#
#........ #..#####


You could see Sigmund (strong, invisible).

Vanquished Creatures
  4 ball pythons
  An endoplasm (D:1)
  3 goblins (D:1)
  2 hobgoblins (D:1)
  4 jackals (D:1)
  5 kobolds
  A bat (D:1)
  3 frilled lizards (D:1)
  2 rats (D:1)
25 creatures vanquished.

Notes
Turn   | Place    | Note
-------+----------+-------------------------------------------
     0 | D:1      | Arum the Formicid Fighter began the quest for the Orb.
     0 | D:1      | Reached XP level 1. HP: 18/18 MP: 1/1
   240 | D:1      | Found a faded altar of an unknown god.
   278 | D:1      | Prayed at the altar of an unknown god.
   278 | D:1      | Became a worshipper of Kikubaaqudgha
   278 | D:1      | Reached * piety under Kikubaaqudgha
   278 | D:1      | Received a gift from Kikubaaqudgha
   281 | D:1      | Fell from the grace of Kikubaaqudgha
   345 | D:1      | Reached XP level 2. HP: 24/24 MP: 2/2
   715 | D:1      | Reached XP level 3. HP: 30/30 MP: 3/3
  1143 | D:2      | Noticed Sigmund
  1169 | D:2      | Mangled by Sigmund

Illustrated notes

Levels and vault maps discovered:
D:1:      tarquinn_simple_flora_water_b, layout_loops_corners,
          ebering_ecumenical_altar_petrified, minmay_shallow_snake_nest
D:2:      layout_rooms, basic_altar, uniq_sigmund, uniq_crazy_yiuf_cottage

Action                   || total
-------------------------++-------
Melee: Whip              ||    88
       Flail             ||     1
Invok: Renounce Religion ||     1
 Abil: Dig               ||     1
Armor: Scale mail        ||    58
Dodge: Dodged            ||    36
Block: Buckler           ||    21
